 Dungeon Crawl Stone Soup version 0.27.1-2-g3b301248ec (webtiles) character file.

Game seed: 16413878722440908596

752113 malygoose the Conqueror (level 27, -4/283 HPs)
             Began as a Vine Stalker Berserker on Sept 30, 2021.
             Was the Champion of Trog.
             Killed from afar by a storm dragon (29 damage)
             ... with a bolt of lightning
             ... on level 5 of the Realm of Zot.
             The game lasted 03:06:41 (49917 turns).

malygoose the Conqueror (Vine Stalker Berserker)   Turns: 49917, Time: 03:06:43

Health: -4/283     AC: -4    Str: 30    XL:     27
Magic:  0/25       EV:  8    Int:  7    God:    Trog [******]
Gold:   5169       SH:  0    Dex: 13    Spells: 28/28 levels left

rFire    . . .     SeeInvis .   (weapon currently unavailable)
rCold    . . .     Faith    .   (shield currently unavailable)
rNeg     . . .     Spirit   +   (armour currently unavailable)
rPois    .         Reflect  .   (helmet currently unavailable)
rElec    .         Harm     .   (cloak currently unavailable)
rCorr    .         Rampage  .   (gloves currently unavailable)
Will     +++++                  (boots currently unavailable)
Stlth    ..........             f - amulet of Vitality {Regen+ HP+15}
HPRegen  4.57/turn              (ring currently unavailable)
MPRegen  0.19/turn              (ring currently unavailable)

@: berserking (expiring), pig-form, strong-willed, corroded, held, regenerating,
studying Slings, very quick
A: fast, no casting, small, (fangs 3), regeneration 2, magic shield, (antimagic
bite), no potion heal 2, clumsy 1, deterioration 1, weak 1, wild magic 1
}: 4/15 runes: serpentine, barnacled, slimy, silver
a: Renounce Religion, Berserk, Trog's Hand, Brothers in Arms


You were on level 5 of the Realm of Zot.
You worshipped Trog.
Trog was exalted by your worship.
You were a filthy swine.
You visited 11 branches of the dungeon, and saw 55 of its levels.
You visited the Abyss 1 time.
You also visited: Ice Cave, Wizlab and Desolation.

You collected 8038 gold pieces.
You spent 2869 gold pieces at shops.

Inventory:

Hand Weapons
 r - a +9 broad axe of electrocution (melded)
 G - a +4 demon whip of electrocution
Missiles
 v - 9 throwing nets (quivered)
Armour
 y - a +2 pair of gloves of stealth (melded)
 I - the +3 crown of Dyrovepreva (melded) {rElec Int+2 SInv}
   (You found it on level 1 of the Orcish Mines)

   Int:       It affects your intelligence (+2).
   rElec:     It insulates you from electricity.
   SInv:      It lets you see invisible.
 K - a +5 kite shield of reflection (melded)
 L - a +2 pair of boots (melded)
 T - the +11 crystal plate armour "Pideshunk" (melded) {rElec rC+ Str+2}
   (You acquired it on level 2 of the Abyss)

   Str:       It affects your strength (+2).
   rC:        It protects you from cold.
   rElec:     It insulates you from electricity.
 W - a +2 cloak of preservation (melded)
Jewellery
 d - a ring of protection from cold
 f - the amulet of Vitality (around neck) {Regen+ HP+15}
   (You found it on level 5 of the Pits of Slime)

   [amulet of regeneration]

   HP:        It affects your health (+15).
   Regen:     It increases your rate of health regeneration.
 i - a ring of flight
 E - a ring of protection from cold
 F - the ring "Ziuzurgh" (melded) {rPois rC+ rCorr Int-4 Slay+6}
   (You acquired it on level 6 of the Lair of Beasts)

   [ring of poison resistance]

   Int:       It affects your intelligence (-4).
   Slay:      It affects your accuracy & damage with ranged weapons and melee
   (+6).
   rC:        It protects you from cold.
   rPois:     It protects you from poison.
   rCorr:     It protects you from acid and corrosion.
 O - a ring of fire (melded)
 R - a ring of willpower
Wands
 m - a wand of polymorph (62)
 q - a wand of paralysis (42)
 s - a wand of charming (32)
 u - a wand of flame (228)
 C - a wand of iceblast (61)
 H - a wand of digging (20)
 Q - a wand of mindburst (60)
 U - a wand of acid (26)
Scrolls
 b - 6 scrolls of fog
 c - 2 scrolls of enchant armour
 g - 19 scrolls of teleportation
 h - 10 scrolls of magic mapping
 j - 2 scrolls of torment
 n - 9 scrolls of immolation
 w - a scroll of silence
 x - 7 scrolls of fear
 A - 4 scrolls of brand weapon
 B - 2 scrolls of enchant weapon
 J - 5 scrolls of summoning
 P - 5 scrolls of blinking
 S - 13 scrolls of vulnerability
 V - a scroll of holy word
Potions
 a - 5 potions of haste
 e - 7 potions of resistance
 k - 10 potions of lignification
 l - 27 potions of curing
 o - 4 potions of cancellation
 p - 5 potions of mutation
 t - 2 potions of invisibility
 z - 5 potions of might
 D - 2 potions of ambrosia
 N - 10 potions of flight
 Y - 2 potions of berserk rage


   Skills:
 O Level 27 Fighting
 * Level 26.4 Axes
 + Level 20.4 Armour
 - Level 5.0 Dodging
 - Level 3.0 Stealth
 - Level 15.0 Shields
 - Level 1.0 Spellcasting


You had 28 spell levels left.
You didn't know any spells.
Your spell library was empty.

Dungeon Overview and Level Annotations

Branches:
Dungeon (15/15)            Temple (0/1) D:7            Lair (6/6) D:11
 Shoals (4/4) Lair:3        Snake (4/4) Lair:2        Slime (5/5) Lair:5
    Orc (2/2) D:10            Elf (3/3) Orc:2        Vaults (5/5) D:14
  Crypt (1/3) Vaults:2     Depths (5/5) D:15            Zot (5/5) Depths:5
  IceCv (visited)          WizLab (visited)         Desolation (visited)

Altars:
Ashenzari
Cheibriados
Dithmenos
Fedhas
Hepliaklqana
Kikubaaqudgha
Makhleb
Nemelex Xobeh
Ru
Trog
Uskayaw
Vehumet
Wu Jian
Xom
Yredelemnul
The Shining One
Beogh
Jiyva
Lugonu

Shops:
D:12 :   D:14 *   Orc:2 *?:!*(:[[?   Shoals:3 [:(!?   Snake:4 (   Depths:1 :=:

Portals:
Hell: Depths:1 Depths:2 Depths:3 Depths:4 Depths:5
Abyss: Depths:1 Depths:4
Pandemonium: Orc:2 Depths:1 Depths:3 Depths:4
Ziggurat: Depths:4
Trove: D:15 (give 15 scrolls of teleportation)

Annotations:
Lair:5 exclusion: oklob plant
Snake:2 Roxanne
Snake:4 2 transporters, Xitaol's ghost, adept SpEn
Elf:2 4 runed translucent doors, Pileg's ghost, adept FoFi
Depths:3 exclusion: orange crystal statue


Innate Abilities, Weirdness & Mutations

You are a filthy swine.
You move quickly.
Your equipment is almost entirely melded.
You are incapable of wielding weapons or throwing items.
You cannot cast spells.
((You have razor-sharp teeth.))
You heal very quickly.
When hurt, damage is shared between your health and your magic reserves.
((Your bite disrupts and absorbs the magic of your enemies.))
Potions cannot restore your health.
You are clumsy. (Dex -2)
Your body sometimes deteriorates upon taking damage.
You are weak. (Str -2)
Your spells are a little harder to cast, but a little more powerful.


Message History

The purple draconian scorcher drops a net on you.
You become entangled in the net!
You struggle against the net.
The Killer Klown pies you viciously! The klown pie hits you!!
Moon pie!
You turn into a filthy swine.
Your +9 broad axe of electrocution melds into your body.
Your +2 cloak of preservation melds into your body.
The +3 crown of Dyrovepreva {rElec Int+2 SInv} melds into your body.
Your +2 pair of gloves of stealth melds into your body.
Your +2 pair of boots melds into your body.
Your +5 kite shield of reflection melds into your body.
The +11 crystal plate armour "Pideshunk" {rElec rC+ Str+2} melds into your body.
The ring "Ziuzurgh" {rPois rC+ rCorr Int-4 Slay+6} melds into your body.
Your ring of fire melds into your body.
Your +9 broad axe of electrocution stops crackling.
You feel less stealthy. The storm dragon bites you!!
The storm dragon barely misses you. The storm dragon tramples you.
You hold your ground!
The black draconian breathes lightning at you.
The bolt of lightning hits you!!!
The bolt of lightning hits the orb of fire.
The orb of fire completely resists.
You struggle against the net.
You feel a strong urge to attack something.
The Killer Klown flogs you with a +12 vampiric club!
* * * LOW HITPOINT WARNING * * *
The storm dragon bites you!!
* * * LOW HITPOINT WARNING * * *
The storm dragon closely misses you. The storm dragon tramples you!
* * * LOW HITPOINT WARNING * * *
You hold your ground!
The black draconian hits you with a +0 hand axe.
* * * LOW HITPOINT WARNING * * *
You struggle against the net.
The Killer Klown strangle-hugs you with a +12 vampiric club!!
* * * LOW HITPOINT WARNING * * *
The Killer Klown draws strength from your wounds!
The storm dragon breathes lightning at you.
The bolt of lightning hits you!!
You die...

#▓▓▓▓▓▓▓▓▓
###§.^.pdL..
##..dq##..D.§
..###########...###
^.q
..........Dh*..## d
#.........dpq.##
#.............#
#......q....##
#...........#
##...........##
#.............#
#......†......#
#...............#


You could see an orb of fire, a Killer Klown, a yellow draconian monk, a storm
dragon (catching breath), a black draconian (catching breath), a green
draconian, a red draconian shifter and a purple draconian scorcher.

Vanquished Creatures
  the Royal Jelly (Slime:5)
  3 dread liches
  An ancient lich (WizLab)
  An orb of fire (Zot:3)
  2 juggernauts
  Bai Suzhen (Vaults:2)
  Vashnia (Snake:4)
  Margery (Vaults:3)
  A Killer Klown (Zot:2)
  Saint Roka (Snake:4)
  10 caustic shrikes
  2 curse toes
  7 golden dragons
  the Enchantress (Depths:3)
  2 bone dragons (Depths:5)
  Jorgrun (Elf:1)
  19 tentacled monstrosities
  3 hellephants (Depths:1)
  6 Orb Guardians (Zot:5)
  Asterion (Snake:2)
  6 titans (Vaults:5)
  10 quicksilver dragons
  4 deep elf blademasters (Elf:3)
  9 death cobs
  A tentacled starspawn (Abyss:2)
  18 acid blobs
  9 sphinxes
  4 deep elf master archers (Elf:3)
  Agnes (Snake:4)
  12 shadow dragons
  An ancient champion (WizLab)
  Polyphemus (Shoals:3)
  10 tengu reavers
  Donald (Vaults:3)
  12 storm dragons
  8 azure jellies
  3 nagarajas
  11 fire giants
  5 draconian monks
  Ilsuiw (Shoals:4)
  11 rockslimes
  A revenant (Vaults:2)
  9 frost giants
  7 draconian knights
  19 vault wardens
  3 iron dragons (Depths:3)
  7 deep elf sorcerers
  An imperial myrmidon (Desolation)
  4 ghost moths
  6 draconian scorchers
  An orc warlord (Vaults:4)
  4 draconian shifters
  5 spriggan defenders
  Aizul (Snake:2)
  52 very ugly things
  3 deep elf elementalists (Elf:3)
  16 ironbound preservers
  8 draconian annihilators
  3 draconian stormcallers (Zot:4)
  18 stone giants
  7 war gargoyles
  8 quicksilver oozes
  3 vampire knights
  10 black draconians
  5 deep elf demonologists (Elf:3)
  A dire elephant (Vaults:4)
  2 entropy weavers
  12 green draconians
  Nessos (D:13)
  15 red draconians
  6 deep elf annihilators
  4 halazid warlocks (Desolation)
  12 white draconians
  7 purple draconians
  8 yellow draconians
  8 spark wasps
  13 merfolk javelineers
  21 ettins
  12 fire dragons
  2 crystal guardians
  Josephine (D:11)
  8 deep elf death magi
  7 ragged hierophants (Desolation)
  11 deep elf high priests
  9 merfolk impalers
  10 great orbs of eyes
  19 yaktaur captains
  8 ironbound thunderhulks
  10 servants of whispers (Desolation)
  3 rakshasas
  34 vault guards
  12 naga warriors
  2 boulder beetles
  7 spriggan air magi
  19 hydras
  8 peacekeepers
  An ogre mage (Orc:2)
  11 ironbound frosthearts
  2 catoblepae
  2 salamander tyrants (Snake:4)
  2 alligator snapping turtles
  4 merfolk avatars
  6 ice dragons
  7 merfolk aquamancers
  18 anacondas
  2 death knights
  A satyr (Shoals:2)
  23 centaur warriors
  15 dancing weapons
  6 hell hogs (Depths:1)
  10 two-headed ogres
  7 tengu warriors
  13 deep troll shamans
  9 deep troll earth magi
  A titan zombie (Depths:2)
  8 death yaks
  2 ironbound beastmasters (Vaults:4)
  4 vampire magi
  7 spriggan berserkers
  10 naga sharpshooters (Snake:4)
  8 hell knights
  7 orc high priests
  4 large abominations (Abyss:2)
  11 shock serpents
  2 sun demons
  A salamander mystic (Snake:4)
  A titan skeleton (Depths:2)
  14 iron trolls
  A shadow wraith (Vaults:5)
  2 sixfirhies
  13 deep elf knights
  A wretched star (Abyss:2)
  10 sea snakes
  4 skeletal warriors (WizLab)
  A deep troll (shapeshifter) (Vaults:5)
  A sea snake (shapeshifter) (Elf:1)
  60 deep trolls
  15 wizards
  2 infernal demonspawn
  A shadow demon (Depths:3)
  A shadow dragon zombie (Abyss:2)
  6 glowing orange brains
  6 naga ritualists
  22 ironbound convokers
  3 lindwurms
  13 deep elf archers
  4 phantasmal warriors
  A lindwurm (shapeshifter) (Vaults:5)
  29 deep elf zephyrmancers
  12 orc knights
  3 necromancers
  31 deep elf pyromancers
  15 harpies
  80 ugly things
  14 mana vipers
  15 orc sorcerers
  A cyclops (shapeshifter) (Depths:1)
  A faun (shapeshifter) (Depths:2)
  8 salamanders
  23 manticores
  23 moths of wrath
  5 fauns
  10 centaur zombies
  6 shining eyes
  46 black mambas
  A moth of wrath (shapeshifter) (D:14)
  10 guardian serpents
  6 merfolk sirens
  9 cyclopes
  2 elephants (Lair:6)
  A spriggan zombie (Depths:2)
  13 naga magi
  2 ice statues (IceCv)
  2 orange demons
  15 vault sentinels
  2 smoke demons
  A gargoyle (D:13)
  A molten gargoyle (Desolation)
  An eye of devastation (Slime:5)
  4 water nymphs
  10 cane toads
  21 komodo dragons
  5 rime drakes
  5 tengu conjurers
  A tormentor (Depths:1)
  A hellwing (Orc:2)
  32 yaktaurs
  3 freezing wraiths
  3 ice devils
  2 ancient zymes (Abyss:2)
  34 merfolk
  3 red devils
  A queen bee (shapeshifter) (D:14)
  A meliai (shapeshifter) (Vaults:5)
  7 polar bears
  2 wind drakes (Shoals:2)
  7 trolls
  A polar bear (shapeshifter) (Abyss:2)
  3 hornets
  A merfolk (shapeshifter) (Depths:5)
  A meliai zombie (D:10)
  18 blink frogs
  3 raiju (Abyss:2)
  An iron dragon simulacrum (Depths:2)
  6 dream sheep
  Grinder (D:6)
  108 slime creatures
  A slime creature (shapeshifter) (Vaults:5)
  56 saltlings (Desolation)
  7 snapping turtles
  2 ynoxinuls
  3 air elementals (Elf:1)
  A centaur simulacrum (D:15)
  Sigmund (D:2)
  A yak (shapeshifter) (D:13)
  A tarantella (Vaults:1)
  5 vampires
  3 redbacks
  22 water elementals
  5 wraiths
  6 wyverns
  5 golden eyes (Slime:3)
  2 steam dragons
  43 yaks
  4 spriggans
  5 fire elementals
  A death yak simulacrum (IceCv)
  5 vampire mosquitoes
  4 basilisks
  Grum (D:11)
  2 neqoxecs
  4 wargs
  30 nagas
  16 water moccasins
  5 acid dragons
  3 black bears
  51 orc warriors
  A floating eye (Depths:5)
  3 hell hounds (Depths:4)
  A swamp drake (Orc:1)
  A two-headed ogre zombie (WizLab)
  3 sky beasts
  2 ice beasts
  2 necrophages (D:10)
  13 centaurs
  23 wolves
  7 ogres
  A kobold brigand (D:10)
  14 bullfrogs
  3 earth elementals
  A small abomination (Abyss:2)
  3 scorpions
  A water moccasin skeleton (D:5)
  6 killer bees
  An elephant simulacrum (IceCv)
  13 wights
  8 troll zombies (WizLab)
  7 howler monkeys
  A crimson imp (Orc:1)
  6 starcursed masses (Abyss:2)
  3 bullfrog zombies
  2 centaur skeletons
  A gnoll shaman (D:8)
  3 hounds
  28 orc priests
  2 iron imps
  5 jellies
  A bullfrog skeleton (D:5)
  A human zombie (D:10)
  3 iguanas
  Natasha (thrice) (D:2)
  28 orc wizards
  A polar bear simulacrum (IceCv)
  3 killer bee zombies
  A wolf simulacrum (IceCv)
  5 ogre zombies (WizLab)
  2 mummies (D:10)
  3 howler monkey zombies
  3 adders
  14 gnolls
  2 shadow imps
  2 white imps
  3 ufetubi
  An adder zombie (D:3)
  2 worms (D:2)
  A dart slug (D:2)
  112 orcs
  3 endoplasms
  5 giant cockroaches
  7 goblins
  7 hobgoblins
  2 jackals (D:2)
  A quokka (D:3)
  4 ball pythons
  A ball python zombie (D:3)
  3 bats
  7 frilled lizards
  10 kobolds
  A quokka zombie (D:3)
  12 rats
  A lurking horror (Depths:1)
2470 creatures vanquished.

Vanquished Creatures (collateral kills)
  A Hell Sentinel (Abyss:2)
  A merfolk siren (Lair:3)
  A flying skull (Abyss:2)
  A ynoxinul (Abyss:2)
  3 starcursed masses (Abyss:2)
7 creatures vanquished.

Vanquished Creatures (others)
  2 ragged hierophants (Desolation)
  58 fungi
  A lurking horror (Depths:1)
  109 plants
  4 starspawn tentacles (Abyss:2)
174 creatures vanquished.

Grand Total: 2651 creatures vanquished

Notes
Turn   | Place    | Note
-------+----------+-------------------------------------------
     0 | D:1      | malygoose the Vine Stalker Berserker began the quest for
                  | the Orb.
     0 | D:1      | Reached XP level 1. HP: 11/11 MP: 2/2
    35 | D:1      | Found a faded altar of an unknown god.
   155 | D:1      | Reached skill level 1 in Stealth
   612 | D:1      | Reached XP level 2. HP: 16/16 MP: 3/3
   987 | D:1      | You fall into a shaft and drop 1 floor!
  1019 | D:2      | Reached ** piety under Trog
  1468 | D:2      | Reached XP level 3. HP: 17/19 MP: 4/4
  1625 | D:2      | Noticed Natasha
  1636 | D:2      | Killed Natasha
  1637 | D:2      | Reached skill level 3 in Fighting
  1637 | D:2      | Gained mutation: Your natural rate of healing is unusually
                  | fast. [Vine Stalker growth]
  1637 | D:2      | Reached XP level 4. HP: 24/24 MP: 3/5
  1805 | D:2      | Noticed Natasha
  1813 | D:2      | Killed Natasha
  1847 | D:2      | Noticed Natasha
  1861 | D:2      | Killed Natasha
  1862 | D:2      | Reached XP level 5. HP: 28/28 MP: 3/6
  2035 | D:2      | Noticed Sigmund
  2044 | D:2      | Killed Sigmund
  2045 | D:2      | Reached XP level 6. HP: 33/33 MP: 7/7
  2145 | D:3      | Found a basalt altar of Yredelemnul.
  2429 | D:3      | Reached *** piety under Trog
  2896 | D:4      | Reached skill level 4 in Fighting
  2896 | D:4      | Reached skill level 5 in Axes
  2896 | D:4      | Reached XP level 7. HP: 37/37 MP: 8/8
  3047 | D:4      | Noticed a yak
  3047 | D:4      | Noticed a yak
  3047 | D:4      | Noticed a yak
  3047 | D:4      | Noticed a yak
  3048 | D:4      | Noticed a yak
  3052 | D:4      | Killed a yak
  3055 | D:4      | Killed a yak
  3057 | D:4      | Killed a yak
  3058 | D:4      | Gained mutation: You have razor-sharp teeth. [Vine Stalker
                  | growth]
  3058 | D:4      | Reached XP level 8. HP: 30/42 MP: 6/9
  3062 | D:4      | Killed a yak
  3064 | D:4      | Killed a yak
  3065 | D:4      | Reached skill level 5 in Fighting
  3278 | D:4      | Found Fica's Antique Weapon Boutique.
  3358 | D:4      | Found a blossoming altar of Fedhas.
  3461 | D:4      | Found a broken altar of Ashenzari.
  3467 | D:4      | Saw a vision of the Shoals and the Snake Pit.
  3467 | D:4      | Noticed a sea snake
  3467 | D:4      | Noticed a sea snake
  3467 | D:4      | Noticed a merfolk
  3467 | D:4      | Noticed a merfolk siren
  3467 | D:4      | Noticed a merfolk
  3467 | D:4      | Noticed a salamander
  3467 | D:4      | Noticed a black mamba
  3467 | D:4      | Noticed a naga mage
  3467 | D:4      | Noticed a merfolk
  3470 | D:4      | Noticed a naga mage
  3532 | D:5      | Entered Level 5 of the Dungeon
  3702 | D:5      | Reached **** piety under Trog
  3897 | D:5      | Found a runed translucent door.
  3952 | D:5      | Found a shadowy altar of Dithmenos.
  4096 | D:5      | Found a shimmering altar of Xom.
  4096 | D:5      | Found a glowing golden altar of the Shining One.
  4097 | D:5      | Found a hide-covered altar of Uskayaw.
  4224 | D:6      | Reached XP level 9. HP: 48/48 MP: 10/10
  4226 | D:6      | Reached skill level 5 in Armour
  4287 | D:6      | Reached skill level 6 in Fighting
  4420 | D:6      | Noticed a five-headed hydra
  4605 | D:6      | Killed a five-headed hydra
  5013 | D:6      | Reached XP level 10. HP: 53/53 MP: 11/11
  5022 | D:6      | Noticed Grinder
  5026 | D:6      | Killed Grinder
  5495 | D:7      | Found a burning altar of Makhleb.
  5516 | D:7      | Found a staircase to the Ecumenical Temple.
  5570 | D:7      | Found a radiant altar of Vehumet.
  5637 | D:7      | Reached skill level 7 in Fighting
  6408 | D:8      | Reached skill level 10 in Axes
  6417 | D:8      | Reached ***** piety under Trog
  6915 | D:9      | Found a transporter.
  7030 | D:9      | Found a transporter.
  7824 | D:10     | Entered Level 10 of the Dungeon
  7844 | D:10     | Noticed a white ugly thing
  7851 | D:10     | Killed a white ugly thing
  7859 | D:10     | Reached XP level 11. HP: 60/60 MP: 8/12
  7901 | D:10     | Reached skill level 8 in Fighting
  8148 | D:10     | Received a gift from Trog
  8207 | D:10     | Found a staircase to the Orcish Mines.
  8286 | D:10     | Found an ancient bone altar of Kikubaaqudgha.
  8293 | D:10     | Reached skill level 1 in Shields
  8451 | D:10     | Found a sparkling altar of Nemelex Xobeh.
  8451 | D:10     | Found an ornate altar of the Wu Jian Council.
  8513 | D:10     | Found a hazy altar of Hepliaklqana.
  8588 | D:11     | Noticed Josephine
  8647 | D:11     | Noticed Grum
  8661 | D:11     | Killed Grum
  8680 | D:11     | Noticed a two-headed ogre
  8751 | D:11     | Killed Josephine
  8779 | D:11     | Noticed a two-headed ogre
  8795 | D:11     | Killed a two-headed ogre
  8820 | D:11     | Reached XP level 12. HP: 64/65 MP: 13/13
  8837 | D:11     | Found a staircase to the Lair.
  8842 | D:11     | Killed a two-headed ogre
  8843 | D:11     | Reached skill level 9 in Fighting
  8927 | D:11     | Found an ornate altar of the Wu Jian Council.
  9006 | D:11     | Noticed a four-headed hydra
  9110 | D:11     | Killed a four-headed hydra
  9151 | Lair:1   | Entered Level 1 of the Lair of Beasts
  9257 | Lair:1   | Received a gift from Trog
  9277 | Lair:1   | Found a frozen archway.
  9297 | IceCv    | Entered an ice cave
  9325 | IceCv    | Found a transporter.
  9346 | IceCv    | Found a transporter.
  9949 | Lair:2   | Noticed a six-headed hydra
  9968 | Lair:2   | Killed a six-headed hydra
 10047 | Lair:2   | Noticed a six-headed hydra
 10057 | Lair:2   | Killed a six-headed hydra
 10200 | Lair:2   | Found a staircase to the Snake Pit.
 10213 | Lair:2   | Reached skill level 10 in Fighting
 10220 | Lair:2   | Reached XP level 13. HP: 49/72 MP: 12/14
 10279 | Lair:2   | You are sucked into a shaft and drop 2 floors!
 11484 | Lair:3   | Found a staircase to the Shoals.
 12575 | Lair:5   | Found a viscous altar of Jiyva.
 12575 | Lair:5   | Found a staircase to the Slime Pits.
 13194 | Lair:6   | Entered Level 6 of the Lair of Beasts
 13261 | Lair:6   | Reached skill level 11 in Fighting
 13261 | Lair:6   | Reached skill level 10 in Armour
 13303 | Lair:6   | Reached ****** piety under Trog
 13331 | Lair:6   | Reached XP level 14. HP: 79/79 MP: 15/15
 13379 | Lair:6   | Reached skill level 15 in Axes
 13736 | Lair:6   | Identified a scroll of acquirement
 13737 | Lair:6   | Acquired the ring "Ziuzurgh" {rPois rC+ rCorr Int-4 Slay+6}
 13878 | Lair:6   | Received a gift from Trog
 14426 | D:9      | Identified the +0 pair of boots "Woalaaf" {*Slow Int+7}
 14591 | D:12     | Found a snail-covered altar of Cheibriados.
 14638 | D:12     | Found Lifi's Book Shoppe.
 14656 | D:12     | Bought a manual of Fighting for 1120 gold pieces
 15331 | D:13     | Reached skill level 12 in Fighting
 15364 | D:13     | Reached skill level 5 in Shields
 15429 | D:13     | Received a gift from Trog
 15916 | D:13     | Reached XP level 15. HP: 85/85 MP: 16/16
 15995 | D:13     | Noticed Nessos
 16004 | D:13     | Killed Nessos
 16432 | D:14     | Reached skill level 13 in Fighting
 16708 | D:14     | Found a gate to the Vaults.
 16732 | D:14     | Cast into level 2 of the Abyss (vault guard)
 16742 | Abyss:2  | Found a corrupted altar of Lugonu.
 16788 | Abyss:2  | Acquired the +11 crystal plate armour "Pideshunk" {rElec
                  | rC+ Str+2}
 16857 | Abyss:2  | Reached skill level 14 in Fighting
 16874 | Abyss:2  | Noticed a Hell Sentinel
 16883 | Abyss:2  | HP: 3/105 [Hell Sentinel (7)]
 16883 | Abyss:2  | Killed a Hell Sentinel
 16889 | Abyss:2  | HP: 4/88 [starcursed mass/accursed screaming (3)]
 17209 | Abyss:2  | Noticed a tentacled starspawn
 17223 | Abyss:2  | Killed a tentacled starspawn
 17226 | D:14     | Escaped the Abyss
 17356 | D:14     | Reached skill level 15 in Fighting
 17410 | D:14     | Found Midafeot's General Store.
 17419 | D:14     | You fall into a shaft and drop 1 floor!
 17419 | D:15     | Entered Level 15 of the Dungeon
 17425 | D:15     | Received a gift from Trog
 17447 | D:15     | Found a staircase to the Depths.
 17481 | D:15     | Reached XP level 16. HP: 95/95 MP: 17/17
 17799 | D:15     | Found a portal to a secret trove of treasure.
 17822 | D:15     | Found a bloodstained altar of Trog.
 17914 | D:15     | Reached skill level 10 in Shields
 18553 | Orc:1    | Entered Level 1 of the Orcish Mines
 18673 | Orc:1    | Found the +3 crown of Dyrovepreva {rElec Int+2 SInv}
 18734 | Orc:1    | Received a gift from Trog
 19175 | Orc:2    | Entered Level 2 of the Orcish Mines
 19215 | Orc:2    | Found Lyneilib's Magic Scroll Emporium.
 19218 | Orc:2    | Bought a scroll of enchant weapon for 97 gold pieces
 19218 | Orc:2    | Bought a scroll of enchant weapon for 97 gold pieces
 19237 | Orc:2    | Found Kavoo's Antique Armour Shoppe.
 19284 | Orc:2    | Found Wuneost's General Store.
 19286 | Orc:2    | Found Wig Ipt's Distillery.
 19470 | Orc:2    | Found Unisinap's Antique Armour Shop.
 19515 | Orc:2    | Paralysed by an orc sorcerer for 2 turns
 19742 | Orc:2    | Found Muekagus's Overcharged Wands.
 19830 | Orc:2    | Found a staircase to the Elven Halls.
 19843 | Orc:2    | Found Sikhlicuy's Book Shoppe.
 19853 | Orc:2    | Found Onit's Magic Scroll Boutique.
 20075 | Orc:2    | Received a gift from Trog
 20126 | Orc:2    | Found Kogu's Book Shoppe.
 20126 | Orc:2    | Found Meuti's Antique Weapon Emporium.
 20127 | Orc:2    | Found a one-way gate leading to the halls of Pandemonium.
 20306 | Orc:2    | Bought a runed kite shield for 255 gold pieces
 20461 | Snake:1  | Entered Level 1 of the Snake Pit
 20982 | Snake:1  | Reached XP level 17. HP: 100/100 MP: 18/18
 21435 | Snake:2  | Received a gift from Trog
 21540 | Snake:2  | Noticed Asterion
 21555 | Snake:2  | Killed Asterion
 21754 | Snake:2  | Found a sacrificial altar of Ru.
 21776 | Snake:2  | Identified Roxanne's Catalogue of Shape Shifting
 21776 | Snake:2  | Noticed Roxanne
 22034 | Snake:2  | Noticed Aizul
 22043 | Snake:2  | Killed Aizul
 22649 | Snake:3  | Received a gift from Trog
 22915 | Snake:4  | Entered Level 4 of the Snake Pit
 22948 | Snake:4  | Found Gaefim's Antique Weapon Shop.
 23066 | Snake:4  | Noticed Saint Roka
 23066 | Snake:4  | Noticed Agnes
 23078 | Snake:4  | Killed Agnes
 23090 | Snake:4  | Killed Saint Roka
 23091 | Snake:4  | Reached XP level 18. HP: 105/105 MP: 17/19
 23102 | Snake:4  | Noticed Vashnia
 23140 | Snake:4  | Killed Vashnia
 23141 | Snake:4  | Reached skill level 15 in Shields
 23250 | Snake:4  | Noticed Xitaol's ghost (adept SpEn)
 23258 | Snake:4  | Found a transporter.
 23304 | Snake:4  | Reached skill level 16 in Fighting
 23370 | Snake:4  | Noticed a quicksilver dragon
 23373 | Snake:4  | Noticed a quicksilver dragon
 23376 | Snake:4  | Killed a quicksilver dragon
 23376 | Snake:4  | Received a gift from Trog
 23377 | Snake:4  | Killed a quicksilver dragon
 23582 | Snake:4  | Got a serpentine rune of Zot
 23584 | Snake:4  | Acquired a +2 pair of gloves of stealth
 23733 | Snake:4  | Found a transporter.
 24085 | Elf:1    | Entered Level 1 of the Elven Halls
 24229 | Elf:1    | Received a gift from Trog
 24355 | Elf:1    | Paralysed by an air elemental for 1 turns
 24463 | Elf:1    | Noticed Jorgrun
 24468 | Elf:1    | Killed Jorgrun
 24469 | Elf:1    | Reached skill level 17 in Fighting
 24607 | Elf:1    | Reached XP level 19. HP: 112/112 MP: 20/20
 24915 | Elf:1    | Paralysed by an air elemental for 1 turns
 24956 | Elf:1    | Received a gift from Trog
 25130 | Elf:2    | Found a runed translucent door.
 25130 | Elf:2    | Noticed Pileg's ghost (adept FoFi)
 25201 | Elf:2    | Found a runed translucent gate.
 25213 | Elf:2    | Found a runed translucent gate.
 25213 | Elf:2    | Found a runed translucent gate.
 25382 | Elf:2    | Received a gift from Trog
 25439 | Elf:2    | Found a crumbling gateway.
 25472 | Desolati | Entered the Desolation of Salt
 25613 | Desolati | Reached skill level 18 in Fighting
 25663 | Desolati | Identified the ring of the Ancient Ziggurats {Wiz Dex+6}
 25732 | Desolati | Identified the +4 falchion "Homoosou" {drain, Str+3}
 25797 | Desolati | Received a gift from Trog
 25980 | Desolati | Identified the amulet of Hefewk {Spirit +Inv rElec rCorr}
 26225 | Desolati | Identified the ring of the Voivode {rCorr Dex+2}
 26531 | Elf:3    | Entered Level 3 of the Elven Halls
 26558 | Elf:3    | Received a gift from Trog
 26568 | Elf:3    | Reached XP level 20. HP: 117/118 MP: 21/21
 26750 | Elf:3    | Reached skill level 19 in Fighting
 26779 | Elf:3    | Received a gift from Trog
 27191 | Elf:3    | Identified the +5 ring mail of Calculation {Drain rC+ rN+
                  | Dex+2}
 27191 | Elf:3    | Identified the amulet "Iwof" {Fly rElec rC- Regen+ Int+7}
 27904 | Shoals:1 | Entered Level 1 of the Shoals
 28110 | Shoals:1 | Reached skill level 20 in Fighting
 28680 | Shoals:2 | Received a gift from Trog
 28681 | Shoals:2 | Reached XP level 21. HP: 128/128 MP: 22/22
 28684 | Shoals:2 | Reached skill level 5 in Dodging
 28753 | Shoals:2 | Reached skill level 1 in Spellcasting
 29320 | Shoals:3 | Noticed Polyphemus
 29332 | Shoals:3 | Killed Polyphemus
 29364 | Shoals:3 | Found Xatreny Vuh's Antique Weapon Shop.
 29440 | Shoals:3 | Found Lenwa's Book Shoppe.
 29577 | Shoals:3 | Received a gift from Trog
 29590 | Shoals:3 | Found Icagyn's Magic Scroll Boutique.
 29733 | Shoals:3 | Found Uciblat's Distillery.
 29736 | Shoals:3 | Bought 2 potions of experience for 1300 gold pieces
 29736 | Shoals:3 | Reached XP level 22. HP: 134/134 MP: 24/24
 29737 | Shoals:3 | Reached XP level 23. HP: 139/139 MP: 25/25
 29917 | Shoals:3 | Found Qugoc's Antique Armour Shop.
 29943 | Shoals:4 | Entered Level 4 of the Shoals
 29976 | Shoals:4 | Noticed Ilsuiw
 29983 | Shoals:4 | Reached skill level 21 in Fighting
 29989 | Shoals:4 | Killed Ilsuiw
 30371 | Shoals:4 | Got a barnacled rune of Zot
 31147 | Vaults:1 | Entered Level 1 of the Vaults
 31227 | Vaults:1 | Received a gift from Trog
 31971 | Vaults:1 | Reached XP level 24. HP: 147/147 MP: 25/25
 32259 | Vaults:2 | Noticed Bai Suzhen
 32269 | Vaults:2 | Killed Bai Suzhen
 32299 | Vaults:2 | Noticed a dread lich
 32305 | Vaults:2 | Killed a dread lich
 32306 | Vaults:2 | Reached skill level 15 in Armour
 32424 | Vaults:2 | Reached skill level 22 in Fighting
 32451 | Vaults:2 | Identified the +6 war axe of Shrieking Terror {vorpal,
                  | Contam +Blink rN+ Str+4} (Trog gifted it to you on level 2
                  | of the Vaults)
 32451 | Vaults:2 | Received a gift from Trog
 32646 | Vaults:2 | Found a staircase to the Crypt.
 33220 | Vaults:2 | Identified the +6 quick blade of the Girdle {vorpal, rElec
                  | rPois Dex+4} (Trog gifted it to you on level 2 of the
                  | Vaults)
 33220 | Vaults:2 | Received a gift from Trog
 33588 | Crypt:1  | Entered Level 1 of the Crypt
 33671 | Vaults:3 | Noticed Donald
 33677 | Vaults:3 | Killed Donald
 33936 | Vaults:3 | Reached skill level 23 in Fighting
 34101 | Vaults:3 | Received a gift from Trog
 34163 | Vaults:3 | Noticed Margery
 34176 | Vaults:3 | Killed Margery
 34330 | Vaults:3 | Reached XP level 25. HP: 154/154 MP: 25/25
 34989 | Vaults:4 | Received a gift from Trog
 35069 | Vaults:4 | Reached skill level 24 in Fighting
 35084 | Vaults:4 | Found a magical portal.
 35089 | WizLab   | Entered Zonguldrok's Shrine
 35293 | WizLab   | Noticed an antique lich
 35303 | WizLab   | Killed an antique lich
 35362 | WizLab   | Found the +9 sword of Zonguldrok {reap}
 35628 | Vaults:4 | Received a gift from Trog
 36524 | Vaults:5 | Entered Level 5 of the Vaults
 36540 | Vaults:5 | Reached skill level 25 in Fighting
 36670 | Vaults:5 | Received a gift from Trog
 36687 | Vaults:5 | Reached XP level 26. HP: 164/164 MP: 25/25
 36965 | Vaults:5 | Reached skill level 26 in Fighting
 37015 | Vaults:5 | Received a gift from Trog
 37092 | Vaults:5 | Got a silver rune of Zot
 37190 | Vaults:5 | Identified the +8 glaive of Gazian Sam {freeze, *Rage rN++}
 37483 | Vaults:5 | Received a gift from Trog
 37903 | Vaults:5 | Reached skill level 27 in Fighting
 37905 | Vaults:5 | Identified the ring "Saosewkit" {rPois Str+6}
 38210 | Vaults:5 | Reached XP level 27. HP: 157/174 MP: 23/25
 38258 | Vaults:5 | Identified the +6 trident "Kauc" {flame, +Blink rElec Will+
                  | Int-2}
 38422 | Vaults:5 | Identified the +1 great sword "Pukuty" {vorpal, +Rage rC+}
 38778 | Slime:1  | Entered Level 1 of the Pits of Slime
 39019 | Slime:2  | Gained mutation: Your magical capacity is low. (-10% MP) [a
                  | shining eye]
 39921 | Slime:4  | Received a gift from Trog
 40230 | Slime:5  | Entered Level 5 of the Pits of Slime
 40298 | Slime:5  | Lost mutation: Your magical capacity is low. (-10% MP) [a
                  | shining eye]
 40299 | Slime:5  | Lost intelligence.
 40299 | Slime:5  | Gained mutation: You are dopey. (Int -2) [a shining eye]
 40303 | Slime:5  | Gained mutation: You are very dopey. (Int -4) [a shining
                  | eye]
 40307 | Slime:5  | Noticed the Royal Jelly
 40335 | Slime:4  | Lost mutation: You are very dopey. (Int -4) [potion of
                  | mutation]
 40335 | Slime:4  | Lost mutation: You are dopey. (Int -2) [potion of mutation]
 40335 | Slime:4  | Gained mutation: You tend to lose your temper in combat.
                  | [potion of mutation]
 40336 | Slime:4  | Lost mutation: You tend to lose your temper in combat.
                  | [potion of mutation]
 40336 | Slime:4  | Gained mutation: You are frail. (-10% HP) [potion of
                  | mutation]
 40353 | Slime:5  | Killed the Royal Jelly
 40371 | Slime:5  | Gained mutation: Your spells are a little easier to cast,
                  | but a little less powerful. [a shining eye]
 40523 | Slime:5  | Found the ring of Shadows {Umbra +Inv Stlth+}
 40524 | Slime:5  | Found the amulet of Vitality {Regen+ HP+15}
 40589 | Slime:5  | Got a slimy rune of Zot
 40748 | Slime:5  | Gained mutation: You are clumsy. (Dex -2) [a shining eye]
 41269 | Depths:1 | Entered Level 1 of the Depths
 41288 | Depths:1 | Found Woil's Book Shop.
 41304 | Depths:1 | Found Waonyocs's Jewellery Shoppe.
 41305 | Depths:1 | Found Ivoath's Book Shop.
 41408 | Depths:1 | Found a one-way gate to the infinite horrors of the Abyss.
 41409 | Depths:1 | Found a corrupted altar of Lugonu.
 41868 | Depths:1 | Found a gateway to Hell.
 42071 | Depths:1 | Identified the +3 war axe "Puppuruw" {antimagic, SInv}
                  | (Trog gifted it to you on level 1 of the Depths)
 42071 | Depths:1 | Received a gift from Trog
 43503 | Depths:3 | Found a broken altar of Ashenzari.
 43682 | Depths:3 | Received a gift from Trog
 44104 | Depths:3 | Noticed the Enchantress
 44126 | Depths:3 | Killed the Enchantress
 44226 | Depths:3 | Identified the +3 long sword "Tibyolal" {freeze, Will++
                  | rCorr Dex-4 Stlth+}
 44257 | Depths:3 | Noticed a juggernaut
 44273 | Depths:3 | Killed a juggernaut
 44596 | Depths:3 | Received a gift from Trog
 45051 | Depths:4 | Found a gateway to a ziggurat.
 45086 | Depths:4 | Identified the +2 pair of gloves of Jeimpuawn {Str+4 Dex+2}
 45665 | Depths:4 | Paralysed by a floating eye for 2 turns
 45746 | Depths:5 | Entered Level 5 of the Depths
 45752 | Depths:5 | Noticed a juggernaut
 45761 | Depths:5 | Killed a juggernaut
 46019 | Depths:5 | Received a gift from Trog
 46237 | Depths:5 | Found a gate to the Realm of Zot.
 46500 | Zot:1    | Entered Level 1 of the Realm of Zot
 46621 | Zot:1    | You fall into a shaft and drop 1 floor!
 46737 | Zot:3    | Noticed an orb of fire
 46774 | Zot:3    | Gained mutation: You are very frail. (-20% HP) [an orb of
                  | fire]
 46775 | Zot:3    | Killed an orb of fire
 46782 | Zot:3    | Lost mutation: Your spells are a little easier to cast, but
                  | a little less powerful. [potion of mutation]
 46782 | Zot:3    | Lost mutation: You are very frail. (-20% HP) [potion of
                  | mutation]
 46782 | Zot:3    | Lost mutation: You are frail. (-10% HP) [potion of
                  | mutation]
 46782 | Zot:3    | Gained mutation: You are weak. (Str -2) [potion of
                  | mutation]
 46782 | Zot:3    | Gained mutation: Your body sometimes deteriorates upon
                  | taking damage. [potion of mutation]
 46782 | Zot:3    | Gained mutation: Your spells are a little harder to cast,
                  | but a little more powerful. [potion of mutation]
 46782 | Zot:3    | Gained mutation: You heal very quickly. [potion of
                  | mutation]
 46908 | Zot:3    | You fall into a shaft and drop 1 floor!
 46973 | Zot:4    | Identified the +2 broad axe "Kujann" {vorpal, Str+2} (Trog
                  | gifted it to you on level 4 of the Realm of Zot)
 46973 | Zot:4    | Received a gift from Trog
 48385 | Zot:2    | Received a gift from Trog
 49657 | Zot:5    | Entered Level 5 of the Realm of Zot
 49847 | Zot:5    | Noticed a dread lich
 49857 | Zot:5    | Killed a dread lich
 49857 | Zot:5    | Received a gift from Trog
 49873 | Zot:5    | Noticed a dread lich
 49896 | Zot:5    | Noticed an orb of fire
 49899 | Zot:5    | Killed a dread lich
 49903 | Zot:5    | Noticed an ancient lich
 49917 | Zot:5    | Killed from afar by a storm dragon

Illustrated notes

Levels and vault maps discovered:
D:1:      lightli_arrival_statue_moat, layout_basic, basic_ecumenical_altar
D:2:      layout_basic, uniq_natasha, uniq_sigmund
D:3:      layout_loops_cross, nicolae_yredelemnul_corpse_copse
D:4:      layout_rooms, grunt_ashenzari_visionary
          [grunt_ashenzari_visionary_shoals, grunt_ashenzari_visionary_snake],
          fedhas_altar_4, serial_shops, shop
D:5:      layout_rooms, marbit_many_paths, gammafunk_temple_overflow_claw,
          lightli_church_of_beogh
D:6:      layout_basic, water_maze_lemuel, uniq_grinder
D:7:      layout_loops_ring, mainiacjoe_overflow_alcove_4,
          nicolae_vehumet_radiance, minmay_temple_entry_glass
D:8:      minmay_chambers_of_fours, layout_basic
D:9:      gammafunk_cloud_chamber, layout_basic
D:10:     layout_cave_pools, kennysheep_mini,
          lemuel_mausoleum_altar_kikubaaqudgha, gammafunk_temple_overflow_pools,
          minmay_orc_entry_temple_small
D:11:     layout_rooms, due_lair_maze_entry_diamond, nzn_wu_jian_council_hall,
          uniq_josephine, uniq_grum
D:12:     layout_loops_ring, serial_shops, kennysheep_little_box,
          cheibriados_altar_1
D:13:     layout_grid_maze, uniq_nessos
D:14:     layout_stronghold, lightli_vaults_fourway_checkpoint,
          serial_bayou_pond_e, serial_shops, nicolae_shop_statue_plus
D:15:     hangedman_depths_entry_civil_slaughter, layout_irregular_city,
          enter_trove_0, minmay_misc_feat_hallway, trog_ov_bears_minmay
Lair:1:   layout_misc_corridors, portal_ice_cave_demonic_guard,
          serial_bayou_ford_a
Lair:2:   layout_loops_ring, guppyfry_snake_entry_garden
Lair:3:   layout_regular_city, elwin_shoals_entry_rooms,
          eino_small_chamber_without_monster, grunt_forest_small_clearings,
          minivault_19, cheibrodos_lair_reptile_den
Lair:4:   layout_cave_pods, nicolae_lair_grove_arrangements
Lair:5:   layout_roguey, dpeg_slime_entry_enclosed_altar, grunt_megastairs_2,
          minmay_lair_oklob_chamber
Lair:6:   grunt_lair_end_beastmaster, layout_regular_city
Shoals:1: layout_shoals
Shoals:2: argonaut_golden_fleece, layout_shoals
Shoals:3: layout_shoals, serial_shops, shop, nicolae_shop_crystal,
          nicolae_shop_behind_doors, shop_statue, nicolae_lakefront_shop,
          uniq_polyphemus
Shoals:4: shoals_end_simple, layout_shoals, shoals_ilsuiw_ice
Snake:1:  layout_basic
Snake:2:  layout_grid_shapes, basic_altar, grunt_megastairs_3, uniq_roxanne,
          uniq_aizul, uniq_asterion
Snake:3:  cheibrodos_forgotten_conduit, layout_misc_corridors
Snake:4:  hellmonk_snake_rune_quicksilver_temple, layout_grid_shapes,
          gammafunk_ghost_arena, special_room, serial_shops, nicolae_shop_stone,
          uniq_agnes, uniq_saint_roka, uniq_vashnia
Slime:1:  layout_caves
Slime:2:  layout_caves
Slime:3:  layout_caves
Slime:4:  layout_caves
Slime:5
Orc:1:    layout_diamond_mine, hangedman_minor_magic
Orc:2:    pf_orc_diabolical, layout_diamond_mine, serial_shops,
          nicolae_shop_behind_doors, nicolae_shop_window_shopping, shop,
          nicolae_diamond_shop, nicolae_shop_behind_doors,
          nicolae_shop_overcharged_wands
Elf:1:    nicolae_elf_arrival_no_cutting_in_line, layout_loops_cross,
          evilmike_minifort, due_unseen_surprise, uniq_jorgrun
Elf:2:    elven_hall_of_blades_hangedman_original
          [nicolae_blade_entry_area_security], layout_geoelf_octagon,
          gammafunk_ghost_grave, portal_desolation_entry_twin_temple
Elf:3:    minmay_elf_hall_statues, layout_gridlike, nicolae_wwwww,
          minmay_elf_sorcery
Vaults:1: ontoclasm_vaults_fault, v_pattern_2, grunt_vaults_focal,
          vaults_room_stairs_pillars, grunt_vaults_hallway_short,
          hangedman_vaults_cutoff, nicolae_vaults_yaktaur_gun_rack,
          vaults_mumra_minichess_inversion, vaults_room_door_hall, v_misc_1,
          vaults_dpeg_ring, special_room_vaults [special_room_orc],
          layout_vaults_omnicross
Vaults:2: vaults_mumra_chevron_long, v_misc_30, v_misc_31,
          nicolae_vaults_lopsided_apartments, minmay_crypt_entry_simple_corners,
          hangedman_vaults_nails, nicolae_vaults_mini_display_case,
          nicolae_vaults_network_quinsquares
          [nicolae_vaults_network_quincunx_subvault,
          nicolae_vaults_network_quincunx_subvault,
          nicolae_vaults_network_quincunx_subvault,
          nicolae_vaults_network_quincunx_subvault], dpeg_vaults_monster_box,
          vaults_dpeg_spiral, nicolae_vaults_little_ls, vaults_room_hallway,
          layout_vaults_ring, uniq_bai_suzhen
Vaults:3: ontoclasm_vaults_idyll, ontoclasm_vaults_ring_small,
          grunt_vaults_funnel, vaults_standard_mumra_lines,
          ontoclasm_vaults_hangar, v_misc_23, layout_vaults_chaotic_city,
          uniq_margery, uniq_donald
Vaults:4: v_rooms_2, vaults_mumra_hex, vaults_room_grid, st_more_cells,
          vaults_standard_mumra_x, v_pattern_3,
          vaults_room_grunt_arrival_ludios, layout_vaults_omnigrid,
          mu_enter_wizlab_1
Vaults:5: serial_shops
Crypt:1:  layout_regular_city, st_stairs_1, nicolae_crypt_soggy_tomb,
          grunt_ministairs_15, grunt_crypt_arrival_guarded_gate, uniq_mennas,
          uniq_frederick, uniq_boris
Depths:1: layout_cave_shapes, grunt_hell_horde, rand_demon_pan_entry_4,
          amcnicky_altar_lugonu_corruption, grunt_megastairs_5,
          minmay_shop_grove
Depths:2: cheibrodos_quadrivalence, layout_basic, minmay_misc_feat_enclosed,
          pf_hell_entry_tar_spiral, serial_bayou_shore_a, serial_bayou_shore_b,
          infiniplex_staircase_pool_2
Depths:3: gammafunk_depths_water_palace, layout_basic, rand_demon_pan_entry_5,
          hell_entry, ashenzari_altar_1
Depths:4: lemuel_flame_loot_2, layout_cave_pools, enter_ziggurat_d, special_room
          [special_room_mythical_zoo], abyss_entry, pan_entry,
          nrook_pool_corridor, pf_coc_iceberg, infiniplex_staircase_star
Depths:5: grunt_x_marks_the_spot, layout_cave_pools, hell_entry,
          minmay_misc_feat_encased, serial_bayou_shore_b
Zot:1:    nicolae_moth_party, layout_concentric_octagons
Zot:2:    kennysheep_bubbly, layout_basic
Zot:3:    layout_onion_interference, skrybe_zot_glass_3
Zot:4:    layout_onion
Zot:5:    layout_basic, ebering_ghost_gozag

Skill      XL: |  1  2  3  4  5  6  7  8  9 10 11 12 13 14 15 16 17 18 19 20 21 22 23 24 25 26 27 |
---------------+----------------------------------------------------------------------------------+-----
Stealth        | 2 3 |  3.0
Axes           | 3 4 5 6 7 9 10 12 13 14 16 17 18 26 | 26.4
Fighting       | 3 4 5 6 7 8 10 11 12 15 17 18 20 21 23 25 27 | 27.0
Armour         | 2 3 4 5 7 9 10 11 12 13 14 15 20 | 20.4
Shields        | 4 5 9 11 14 15 | 15.0
Dodging        | 4 5 |  5.0
Spellcasting   | 1 |  1.0

Action                   |  1- 3 |  4- 6 |  7- 9 | 10-12 | 13-15 | 16-18 | 19-21 | 22-24 | 25-27 || total
-------------------------+-------+-------+-------+-------+-------+-------+-------+-------+-------++-------
Melee: Hand axe          |    69 |    69 |       |       |       |       |       |       |       ||   138
       Bite              |    14 |    24 |    38 |   149 |   290 |   319 |   303 |   312 |  1065 ||  2514
       War axe           |       |    31 |   121 |   459 |   327 |       |       |       |       ||   938
       Unarmed           |       |       |    10 |       |       |       |       |       |       ||    10
       Demon whip        |       |       |       |    15 |    36 |       |       |       |     8 ||    59
       Broad axe         |       |       |       |       |   374 |   848 |   741 |   588 |  2140 ||  4691
Invok: Berserk           |     1 |     3 |     3 |    14 |     9 |     5 |     3 |     2 |    18 ||    58
       Trog's Hand       |       |     1 |       |     3 |     3 |     2 |     4 |     1 |    13 ||    27
       Brothers in Arms  |       |       |       |       |     1 |       |     1 |       |     2 ||     4
  Use: Scroll            |       |       |    12 |    10 |    18 |     5 |     5 |     1 |     3 ||    54
       Potion            |       |       |     1 |     1 |     1 |       |     3 |     1 |     6 ||    13
 Stab: Sleeping          |     4 |     8 |     1 |       |       |       |       |       |       ||    13
       Petrified         |       |       |       |       |    12 |       |       |       |       ||    12
       Petrifying        |       |       |       |       |     3 |       |       |       |       ||     3
       Held in net/web   |       |       |       |       |       |       |       |     1 |       ||     1
       Distracted        |       |       |       |       |       |       |       |       |     1 ||     1
Armor: Animal skin       |     8 |    16 |     3 |       |       |       |       |       |       ||    27
       Chain mail        |       |       |    64 |   207 |       |       |       |       |       ||   271
       Ring mail         |       |       |     5 |       |       |       |       |       |       ||     5
       Skin              |       |       |    36 |       |       |       |       |       |       ||    36
       Crystal plate arm |       |       |       |    50 |   536 |   413 |   325 |   198 |  1202 ||  2724
Dodge: Dodged            |    51 |    54 |    58 |   259 |   256 |    84 |    78 |    66 |   442 ||  1348
Block: Buckler           |       |       |       |    64 |   111 |       |       |       |       ||   175
       Kite shield       |       |       |       |       |   108 |   578 |   550 |   500 |  1900 ||  3636
       Reflection        |       |       |       |       |       |    52 |    61 |    65 |    52 ||   230
